cohdb
Replays
Latest Replays
All Replays
Popular Replays
Top Player Replays
Match Explorer
How It Works
Community
CoH3 Stats
Reddit
Sign in to upload your games and track your stats! →
Sign in with Steam
Match 45579101
Unlisted
Match 45579101
Overview
Messages
Build Orders
End
Construct Infanterie Kompanie
Selects Italian Coastal Battlegroup
Selects Coastal Reserves
Coastal Reserve
MG 42 Machine Gun Team
Coastal Reserve
Coastal Reserve
Infanterie Officer Quarters
Selects Artillery Officer
Artillery Officer
Construct Panzergrenadier Kompanie
Support Elements
Coastal Reserve
Forward Retreat Point
Selects Support Bunkers
Medical Bunker
Medical Bunker
StuG III G Assault Gun
Artillery Officer
Selects Coastal Wall
Coastal Reserve
StuG III G Assault Gun
Selects Designated Artillery Overwatch
Designated Artillery Overwatch
MG 42 Bunker
MG 42 Bunker
Medical Bunker
MG 42 Bunker
Pioneer Squad
Selects Bulwark
Coastal Reserve
Construct Panzer Kompanie
Medical Bunker
Designated Artillery Overwatch
Sturmpanzer IV Brummbär
Coastal Reserve
Stoßtruppen Squad
Panzer Officer Quarters
Stoßtruppen Squad
mr.Brookerr
Mr_Fox
GovernorMilitantPaulus
PROSCO
马枪国
[PD] PragerSchinken
Nico-Nico-Nii~~
SKILL
0
0
Comments
sign in to comment!
No comments posted yet!